 Dungeon Sprint DCSS version 0.19-a0-1013-g40768a3 (webtiles) character file.

2765 zero the Spear-Bearer (level 9, -4/90 HPs)
             Began as a Hill Orc Berserker on July 24, 2016.
             Was the Champion of Trog.
             Slain by a 16-headed hydra (10 damage)
             ... in the Dungeon (Sprint IX: "|||||||||||||||||||||||||||||").
             The game lasted 00:02:01 (1305 turns).

zero the Spear-Bearer (Hill Orc Berserker)          Turns: 1305, Time: 00:02:02

Health: -4/90      AC: 23    Str: 23    XL:     9   Next: 69%
Magic:  9/9        EV: 12    Int:  7    God:    Trog [******]
Gold:   14         SH:  0    Dex: 10    Spells: 0 memorised, 8 levels left

rFire  . . .     SeeInvis .     m - +2 halberd (protect)
rCold  . . .     Gourm    .     q - +0 plate armour
rNeg   . . .     Faith    .     (shield currently unavailable)
rPois  .         Spirit   .     (no helmet)
rElec  .         Dismiss  .     a - +0 cloak
rCorr  .         Reflect  .     (no gloves)
SustAt .         Harm     .     (no boots)
MR     .....     NoTele   +     (no amulet)
Stlth  ..........               o - +2 ring of protection
                                p - +2 ring of evasion

@: exhausted, slowed, very slow, not resistant to hostile enchantments,
extremely unstealthy
A: no striking features
a: Berserk, Trog's Hand, Brothers in Arms, Burn Spellbooks, Renounce Religion


You were in the Dungeon.
You worshipped Trog.
Trog was exalted by your worship.
You were not hungry.

You visited 1 branch You collected 14 gold pieces.

Inventory:

Hand Weapons
 m - a +2 halberd of protection (weapon)
Armour
 a - a +0 cloak (worn)
 q - a +0 plate armour (worn)
Jewellery
 o - a +2 ring of protection (right hand)
 p - a +2 ring of evasion (left hand)
Wands
 l - a wand of iceblast (7/15)
Scrolls
 i - 2 scrolls of blinking
 k - 3 scrolls of remove curse
 s - a scroll of fear
 t - 2 scrolls of enchant armour
 u - 2 scrolls of recharging
 v - 2 scrolls of enchant weapon
Potions
 d - 5 potions of curing
 e - 7 potions of heal wounds
 f - 2 potions of haste
 g - 4 potions of magic
 h - a potion of berserk rage
 j - a potion of invisibility
 n - a potion of agility
 r - a potion of brilliance
 w - a potion of lignification


   Skills:
 + Level 12.1 Fighting
 * Level 14.8 Polearms
 + Level 10.9 Armour
 + Level 8.4 Dodging


You had 8 spell levels left.
You didn't know any spells.

Dungeon Overview and Level Annotations

Branches:
Dungeon (1/1)

Altars:
Cheibriados
Dithmenos
Elyvilon
Fedhas
Gozag
Hepliaklqana
Kikubaaqudgha
Makhleb
Nemelex Xobeh
Okawaru
Pakellas
Qazlal
Ru
Sif Muna
Trog
Uskayaw
Vehumet
Xom
Yredelemnul
Zin
The Shining One
Beogh
Jiyva
Lugonu


Message History

You barely miss the 16-headed hydra.
The 16-headed hydra is moderately wounded.
The 16-headed hydra bites you but does no damage. x3
The 16-headed hydra barely misses you.
The 16-headed hydra bites you but does no damage.
The 16-headed hydra bites you.
* * * LOW HITPOINT WARNING * * *
The 16-headed hydra bites you.
* * * LOW HITPOINT WARNING * * *
The 16-headed hydra bites you but does no damage.
The 16-headed hydra bites you.
* * * LOW HITPOINT WARNING * * *
The 16-headed hydra bites you but does no damage.
The 16-headed hydra misses you.
The 16-headed hydra bites you but does no damage. x4
The 16-headed hydra bites you!
* * * LOW HITPOINT WARNING * * *
The 16-headed hydra bites you but does no damage. x2
The 16-headed hydra bites you!
You die...

▓_▓.▓.▓
▓_▓.▓.▓
▓_▓.▓.▓
▓_▓.▓.▓
▓_▓.▓.▓
▓_▓.▓S▓
▓_▓.▓l▓
▓_▓.▓D▓
▓_▓.▓@▓
▓_▓.▓.▓
▓_▓.▓.▓
▓_▓.▓.▓
▓_▓.▓.▓
▓_▓.▓.▓
▓_▓.▓.▓
▓_▓.▓.▓
▓_▓.▓.▓


You could see a 16-headed hydra, a komodo dragon and a water moccasin.

Vanquished Creatures
  An unseen horror (D)
  2 komodo dragons (D)
  2 yaks (D)
  2 hippogriffs (D)
  2 porcupines (D)
  A water moccasin (D)
  A black bear (D)
  An orc warrior (D)
  A sky beast (D)
  A wolf (D)
  A crocodile (D)
  3 giant frogs (D)
  2 hounds (D)
  An orc wizard (D)
  2 iguanas (D)
  2 worker ants (D)
  A sheep (D)
  An adder (D)
  2 river rats (D)
  An adder zombie (D)
  An orc (D)
  A bat (D)
  A goblin (D)
  A hobgoblin (D)
  A giant cockroach zombie (D)
  2 kobolds (D)
37 creatures vanquished.

Notes
Turn   | Place    | Note
-------+----------+-------------------------------------------
     0 | D        | zero the Hill Orc Berserker began the quest for the Orb.
     0 | D        | Reached XP level 1. HP: 19/19 MP: 1/1
    12 | D        | Reached ** piety under Trog
    16 | D        | Reached skill level 4 in Polearms
    29 | D        | Noticed a sky beast
    29 | D        | Noticed an orc wizard
    35 | D        | Reached *** piety under Trog
    35 | D        | Reached XP level 2. HP: 28/28 MP: 2/2
    38 | D        | Reached skill level 5 in Fighting
    38 | D        | Reached skill level 5 in Polearms
    38 | D        | Reached XP level 3. HP: 36/36 MP: 3/3
    53 | D        | Killed a sky beast
    53 | D        | Reached skill level 7 in Polearms
    53 | D        | Reached skill level 5 in Armour
    53 | D        | Reached XP level 4. HP: 3/45 MP: 4/4
    53 | D        | Reached XP level 5. HP: 4/51 MP: 5/5
   323 | D        | Found a glowing silver altar of Zin.
   323 | D        | Found a glowing golden altar of the Shining One.
   323 | D        | Found an ancient bone altar of Kikubaaqudgha.
   323 | D        | Found a basalt altar of Yredelemnul.
   323 | D        | Found a shimmering altar of Xom.
   323 | D        | Found a radiant altar of Vehumet.
   324 | D        | Found an iron altar of Okawaru.
   325 | D        | Found a burning altar of Makhleb.
   326 | D        | Found a deep blue altar of Sif Muna.
   327 | D        | Found a bloodstained altar of Trog.
   328 | D        | Found a sparkling altar of Nemelex Xobeh.
   329 | D        | Found a white marble altar of Elyvilon.
   330 | D        | Found a roughly hewn altar of Beogh.
   331 | D        | Found a viscous altar of Jiyva.
   332 | D        | Found a corrupted altar of Lugonu.
   333 | D        | Found a blossoming altar of Fedhas.
   334 | D        | Found a snail-covered altar of Cheibriados.
   335 | D        | Found a shadowy altar of Dithmenos.
   336 | D        | Found a stormy altar of Qazlal.
   337 | D        | Found an opulent altar of Gozag.
   338 | D        | Found a sacrificial altar of Ru.
   339 | D        | Found an oddly glowing altar of Pakellas.
   340 | D        | Found a hide-covered altar of Uskayaw.
   341 | D        | Found a hazy altar of Hepliaklqana.
   388 | D        | Noticed a yak
   388 | D        | Noticed an orc warrior
   392 | D        | Killed an orc warrior
   392 | D        | Reached **** piety under Trog
   392 | D        | Reached skill level 8 in Polearms
   392 | D        | Reached XP level 6. HP: 60/60 MP: 6/6
   395 | D        | Reached skill level 9 in Polearms
   400 | D        | Received a gift from Trog
   400 | D        | Reached skill level 5 in Dodging
   409 | D        | Killed a yak
   409 | D        | Reached ***** piety under Trog
   409 | D        | Reached skill level 10 in Polearms
   409 | D        | Reached XP level 7. HP: 69/69 MP: 7/7
   495 | D        | Reached skill level 11 in Polearms
   514 | D        | Killed an unseen horror
   514 | D        | Reached skill level 10 in Fighting
   514 | D        | Reached skill level 12 in Polearms
   514 | D        | Reached XP level 8. HP: 56/80 MP: 8/8
   698 | D        | Received a gift from Trog
   732 | D        | Noticed a komodo dragon
   741 | D        | Killed a komodo dragon
   741 | D        | Reached skill level 13 in Polearms
   748 | D        | Reached XP level 9. HP: 89/89 MP: 9/9
   767 | D        | Reached ****** piety under Trog
   771 | D        | Reached skill level 10 in Armour
   955 | D        | Noticed a komodo dragon
   975 | D        | Killed a komodo dragon
   975 | D        | Reached skill level 14 in Polearms
  1278 | D        | Received a gift from Trog
  1286 | D        | Noticed a seven-headed hydra
  1289 | D        | Noticed a komodo dragon
  1305 | D        | Slain by a 16-headed hydra

Vault maps used:
D:        linesprint

Skill      XL: |  1  2  3  4  5  6  7  8  9 |
---------------+----------------------------+-----
Fighting       | 4 5 6 7 8 10 11 12 | 12.1
Polearms       | 4 5 7 8 10 12 13 14 | 14.8
Dodging        | 2 3 4 5 7 8 |  8.4
Armour         | 3 5 6 7 9 10 | 10.9

Action                   |  1- 3 |  4- 6 |  7- 9 || total
-------------------------+-------+-------+-------++-------
Melee: Spear             |    37 |       |       ||    37
       Halberd           |       |    20 |   103 ||   123
Invok: Berserk           |     1 |     1 |     4 ||     6
       Burn Spellbooks   |       |       |     1 ||     1
 Stab: Sleeping          |     1 |       |       ||     1
  Eat: Chunk             |       |       |     6 ||     6
       Bread ration      |       |       |     1 ||     1
Armor: Animal skin       |     4 |       |       ||     4
       Scale mail        |       |     6 |       ||     6
       Plate armour      |       |       |    79 ||    79
Dodge: Dodged            |    12 |     3 |    56 ||    71
